 Dungeon Crawl Stone Soup version 0.28.0 (webtiles) character file.

Game seed: 7529122714051989937

8 HallandMoats the Ruffian (level 2, 12/23 HPs)
             Began as a Ghoul Monk on Feb 8, 2022.
             Was a Believer of Hepliaklqana.
             Safely got out of the dungeon.
             The game lasted 00:00:38 (170 turns).

HallandMoats the Ruffian (Ghoul Monk)                Turns: 170, Time: 00:00:39

Health: 12/23      AC:  2    Str: 14    XL:     2   Next: 8%
Magic:  1/1        EV: 12    Int:  5    God:    Hepliaklqana [**....]
Gold:   12         SH:  0    Dex: 11    Spells: 1/1 levels left

rFire   . . .      SeeInvis .     - Unarmed
rCold   + . .      Faith    .   (no shield)
rNeg    + + +      Spirit   .   a - +0 robe
rPois   ∞          Reflect  .   (no helmet)
rElec   .          Harm     .   (no cloak)
rCorr   .          Rampage  .   (no gloves)
Will    .....                   (no boots)
Stlth   ++........              (no amulet)
HPRegen 0.07/turn               (no ring)
MPRegen 0.07/turn               (no ring)

@: no status effects
A: reduced essence, claws 1, cold resistance 1, negative energy resistance 3,
inhibited regeneration, torment resistance 2
a: Renounce Religion, Ancestor Life: Knight, Ancestor Life: Battlemage, Ancestor
Life: Hexer, Recall Ancestor, Ancestor Identity


You escaped.
You worshipped Hepliaklqana.
Hepliaklqana was pleased with you.
You visited 1 branch of the dungeon, and saw 1 of its levels.

You collected 12 gold pieces.

Inventory:

Armour
 a - a +0 robe (worn)


   Skills:
 * Level 3.5 Fighting
 + Level 0.3 Armour
 + Level 2.8 Dodging
 - Level 2.1 Stealth
 * Level 3.5 Unarmed Combat


You had one spell level left.
You didn't know any spells.
Your spell library contained the following spells:

 Spells                   Type           Power      Damage    Failure   Level
 Sting                    Tmut/Pois      0%         1d3       47%         1
 Poisonous Vapours        Pois/Air       0%         N/A       63%         2
 Olgreb's Toxic Radiance  Pois           0%         N/A       99%         4


Dungeon Overview and Level Annotations

Branches:
Dungeon (1/15)

Altars:
Hepliaklqana


Innate Abilities, Weirdness & Mutations

Your life essence is reduced to manifest your ancestor. (-10% HP)
You thrive by killing the living.
You are immune to poison.
You have sharp fingernails.
Your flesh is cold resistant. (rC+)
You are immune to negative energy. (rN+++)
You do not regenerate when monsters are visible.
You are immune to unholy pain and torment.


Message History

The bat hits you but does no damage.
You closely miss the bat. The bat hits you but does no damage.
You swing at nothing.
The bat closely misses you.
You miss the bat. The bat barely misses you. x2
You scratch the bat.
You kill the bat!
You feel better.
You have reached level 2!
You see here a hobgoblin corpse.
You now have 12 gold pieces (gained 3).
An endoplasm comes into view.
Found a faded altar of an unknown god.
The endoplasm quivers.
There is an empty arch of ancient stone here.
The endoplasm freezes you.
You are frozen.
You resist.
There is a faded altar of an unknown god here.
You claw the endoplasm!
You kill the endoplasm!
You feel better.
You swing at nothing.
Found a stone staircase leading down.
There is a faded altar of an unknown god here.
You cannot tell which god this altar belongs to.
Convert to them anyway?
Hepliaklqana accepts your prayer! Hepliaklqana welcomes you!
Hepliaklqana forms a fragment of your life essence into the memory of your ancestor, Kateb!
You can now recall your ancestor.
You can now remember your ancestor's identity.
You may now remember your ancestor's life.
Unknown command.
Press < or > to pray at altars.
(D) Dungeon
Where to? (? - help)
What level of the Dungeon? (default 1, ? - help)
You see here a hobgoblin corpse.
There is an open door here.
There is a staircase leading out of the dungeon here.
Are you sure you want to leave the Dungeon?
This will make you lose the game!
You have escaped!

'...#.....................♣.....8
##########...########.####.......
# #...########.# #....... #
#.⌠..........# #∩..∩..♣ #
#.†..........# #....... #
##..#########.####....... #
+...#########....†♣..8...
##..##.....#######.......
#...'.R@..# #....... #..##.....#
#♣..♣..∩ #..######## #......(
#..# #.....$. ##.# ........ #..
......... ### ........##


You could see the friendly Kateb the ancestor.

Vanquished Creatures
  2 endoplasms (D:1)
  A hobgoblin (D:1)
  A kobold (D:1)
  3 bats (D:1)
  A rat (D:1)
8 creatures vanquished.

Notes
Turn   | Place    | Note
-------+----------+-------------------------------------------
     0 | D:1      | HallandMoats the Ghoul Monk began the quest for the Orb.
     0 | D:1      | Reached XP level 1. HP: 19/19 MP: 0/0
   115 | D:1      | Reached XP level 2. HP: 7/26 MP: 1/1
   122 | D:1      | Found a faded altar of an unknown god.
   134 | D:1      | Prayed at the altar of an unknown god.
   134 | D:1      | Became a worshipper of Hepliaklqana the Forgotten
   134 | D:1      | Reached * piety under Hepliaklqana
   134 | D:1      | Reached ** piety under Hepliaklqana
   170 | D:$      | Safely got out of the dungeon.

Illustrated notes

Levels and vault maps discovered:
D:1:      dpeg_arrival_rooms_a, layout_basic,
          hellmonk_ecumenical_altar_arch_garden

Action                   || total
-------------------------++-------
Melee: Unarmed           ||    24
       Punch             ||     2
 Stab: Sleeping          ||     2
Armor: Robe              ||     3
Dodge: Dodged            ||    23
